 Dungeon Crawl Stone Soup version 0.15-a0-1206-g3bad1a6 (webtiles) character file.

100 Glalom the Charmwright (level 4, 0/23 HPs)
             Began as a Vine Stalker Skald on June 1, 2014.
             Succumbed to an adder's poison
             ... on Level 3 of the Dungeon.
             The game lasted 00:06:26 (1165 turns).

Glalom the Charmwright (Vine Stalker Skald)         Turns: 1165, Time: 00:06:26

HP   0/23        AC  4     Str 14      XL: 4   Next: 73%
MP   8/8         EV 10     Int 13      God:
Gold 67          SH  0     Dex 14      Spells:  2 memorised,  3 levels left

rFire  . . .     SeeInvis .     a - +0 mace
rCold  . . .     Clarity  .     b - +0 leather armour
rNeg   . . .     rCorr    .     (no shield)
rPois  .         rRot     +     g - +0 helmet
rElec  .         Spirit   +     (no cloak)
SustAb .         Warding  .     (no gloves)
rMut   .         Stasis   .     (no boots)
Gourm  .                        (no amulet)
MR     .....                    (no ring)
                                (no ring)

@: lethally poisoned, infused, very slightly contaminated, invisible, not
resistant to hostile enchantments, very unstealthy
A: fangs 2, regeneration 1, magic shield, antimagic bite, no device heal 3, rot
immunity
a: no special abilities


You were on level 3 of the Dungeon.
You were not hungry.

You visited 1 branch of the dungeon, and saw 3 of its levels.

You collected 67 gold pieces.

Inventory:

Hand weapons
 a - a +0,+0 mace (weapon)
Armour
 b - a +0 leather armour (worn)
 g - a +0 helmet (worn)
Comestibles
 d - a bread ration
 f - a beef jerky
 p - a chunk of giant gecko flesh
Scrolls
 h - 2 scrolls of remove curse {unknown}
 i - 2 scrolls of identify {unknown}
 m - a scroll of enchant armour {unknown}
Potions
 e - a potion of invisibility
 k - a potion of mutation {unknown}
 l - a potion of lignification {unknown}
 n - a potion of curing {unknown}
 o - a potion of heal wounds {unknown}
 q - a potion of agility {unknown}
Books
 c - a book of Battle

   Spells                             Type                      Level
   *Infusion                          Charms                       1
   Shroud of Golubria                 Charms/Translocation         2
   Song of Slaying                    Charms                       2
   *Spectral Weapon                   Hexes/Charms                 3
   Regeneration                       Charms/Necromancy            3


   Skills:
 - Level 1.7 Fighting
 + Level 3.2 Maces & Flails
 - Level 0.7 Armour
 - Level 0.7 Dodging
 - Level 2.1 Spellcasting
 + Level 4.3 Charms


You had 3 spell levels left.
You knew the following spells:

 Your Spells              Type           Power        Failure   Level  Hunger
a - Infusion              Chrm           ##....       6%          1    ##.....
b - Spectral Weapon       Hex/Chrm       #.......     34%         3    ####...


Dungeon Overview and Level Annotations

Branches:
Dungeon (3/15)

Altars:
Nemelex Xobeh
Xom
Zin

Annotations:
D:2 Sigmund


Innate Abilities, Weirdness & Mutations

You have extremely sharp teeth.
Your natural rate of healing is unusually fast.
When hurt, damage is shared between your health and your magic reserves.
Your bite disrupts and absorbs the magic of your enemies.
Potions and wands cannot restore your health.
You are immune to rotting.


Message History

* * * LOW HITPOINT WARNING * * *
You feel sick.
Eat which item? (? for menu, Esc to quit)
You can't eat that!
Drink which item? (? for menu, Esc to quit)
You fade into invisibility!
It was a potion of invisibility.
* * * LOW HITPOINT WARNING * * *
You feel sick.
You are very lightly contaminated with residual magic.
Drink which item? (? for menu, Esc to quit)
Magic courses through your body.
It was a potion of magic.
* * * LOW HITPOINT WARNING * * *
You feel sick.
There is a lethal amount of poison in your body!
There is a lethal amount of poison in your body!
There is a lethal amount of poison in your body!
* * * LOW HITPOINT WARNING * * *
You feel sick.
You die...

... . .... ..#
..... ..#
......#####..#
.............#
.............#
..............#
.......=@.....#
........<%....#
..............#
.............#
.............#
####.........#
#.........#
#..#####..# #..
..#


There were no monsters in sight!

Vanquished Creatures
  Jessica (D:2)
  3 adders
  A giant gecko (D:2)
  2 giant cockroaches
  8 hobgoblins
  A quokka (D:2)
  10 bats
  3 giant newts (D:1)
  7 goblins
  9 jackals
  5 kobolds (D:1)
  2 rats
52 creatures vanquished.

Notes
Turn   | Place    | Note
--------------------------------------------------------------
     0 | D:1      | Glalom, the Vine Stalker Skald, began the quest for the Orb.
     0 | D:1      | Reached XP level 1. HP: 11/11 MP: 3/3
    75 | D:1      | Reached XP level 2. HP: 2/15 MP: 5/5
   494 | D:1      | Reached XP level 3. HP: 16/18 MP: 7/7
   650 | D:2      | Noticed Sigmund
   796 | D:2      | Found a glowing silver altar of Zin.
   798 | D:2      | Noticed an angel
   801 | D:2      | Found a shimmering altar of Xom.
   840 | D:2      | Learned a level 3 spell: Spectral Weapon
   846 | D:2      | Noticed Jessica
   862 | D:2      | Killed Jessica
   862 | D:2      | Reached skill level 4 in Charms
   862 | D:2      | Reached XP level 4. HP: 20/23 MP: 3/8
   896 | D:2      | Found a sparkling altar of Nemelex Xobeh.
  1164 | D:3      | HP: 1/23 [poisoned by an adder]
  1165 | D:3      | Succumbed to an adder's poison

Action                   |  1- 3 |  4- 6 || total
-------------------------+-------+-------++-------
Melee: Mace              |   108 |    36 ||   144
 Cast: Infusion          |     5 |     3 ||     8
  Use: Potion            |       |     2 ||     2
